 Dungeon Crawl Stone Soup version 0.31-a0-803-g95b03c3367 (webtiles) character file.

Game seed: 12152791410404349913

99654 Anon1729 the Fighter (level 15, -10/128 (138) HPs)
             Began as a Minotaur Monk on Sept 20, 2023.
             Was the Champion of Ru.
             Mangled by a spriggan rider
             ... wielding a +0 spear
              (14 damage)
             ... on level 1 of the Swamp on Sept 21, 2023.
             The game lasted 00:42:50 (25861 turns).

Anon1729 the Fighter (Minotaur Monk)               Turns: 25861, Time: 00:42:50

HP:   -10/128 (138) AC: 30    Str: 19    XL:     15   Next: 78%
MP:   4/4           EV: 17    Int:  6    God:    Ru [******]
Gold: 977           SH:  0    Dex: 23    Spells: 14/14 levels left

rFire   + + .        d - +7 great sword of the Middle {antimagic, rN+ SInv}
rCold   + . .        (shield currently unavailable)
rNeg    + . .        s - +10 chain mail of Dawn {Dex+3}
rPois   +            r - +0 hat of the Ego {rC+ SInv}
rElec   .            u - scarf {repulsion}
rCorr   .            i - +2 pair of gloves
SInv    +            H - +0 pair of boots
Will    +....        V - amulet of Interdependent Arising {Acrobat Fly rF+ Stlth+} Stlth
                     U - ring of willpower
HPRegen 0.41/turn    T - ring of poison resistance
MPRegen 0.09/turn

%: repel missiles, acrobat
@: exhausted, flying, studying Staves, drained
A: horns 2, no fire magic, no hexes magic, no necromancy magic, weak-willed 1,
disrupted magic 2, unskilled 2, retaliatory headbutt, no forms, iridescent
scales 1, fire resistance 1, strong 1
a: Renounce Religion, Draw Out Power, Power Leap, Apocalypse


You were on level 1 of the Swamp.
You worshipped Ru.
Ru was exalted by your worship.
You visited 5 branches of the dungeon, and saw 24 of its levels.
You also visited: Bailey and Gauntlet.

You collected 2382 gold pieces.
You spent 1405 gold pieces at shops.

Inventory:

Hand Weapons
 d - the +7 great sword of the Middle (weapon) {antimagic, rN+ SInv}
   (You bought it in a shop on level 6 of the Dungeon)

   rN+:       It protects you from negative energy.
   SInv:      It lets you see invisible.
 J - a +6 heavy scimitar
 M - the +5 battleaxe "Pendulum" {flame, rElec rCorr}
   (You found it on level 8 of the Dungeon)

   rElec:     It insulates you from electricity.
   rCorr:     It protects you from acid and corrosion.
 N - the +8 triple sword of the Dwarven Hall {holy, Int+3}
   (You acquired it in a bailey)

   Int+3:     It affects your intelligence (+3).
Missiles
 l - 10 curare-tipped darts
 E - 9 throwing nets
Armour
 i - a +2 pair of gloves (worn)
 r - the +0 hat of the Ego (worn) {rC+ SInv}
   (You found it in a Gauntlet)

   rC+:       It protects you from cold.
   SInv:      It lets you see invisible.
 s - the +10 chain mail of Dawn (worn) {Dex+3}
   (You found it on level 2 of the Dungeon)

   Dex+3:     It affects your dexterity (+3).
 u - a scarf of repulsion (worn)
 C - the +0 pair of gloves of the Shining Light {Rampage Will+}
   (You bought it in a shop on level 6 of the Dungeon)

   Will+:     It increases your willpower.
   Rampage:   It bestows one free step when moving towards enemies.
 H - a +0 pair of boots (worn)
Jewellery
 z - a +4 ring of protection
 A - a ring of ice
 Q - a +5 ring of evasion
 S - a ring of fire
 T - a ring of poison resistance (right hand)
 U - a ring of willpower (left hand)
 V - the amulet of Interdependent Arising (around neck) {Acrobat Fly rF+ Stlth+}
   (You found it on level 10 of the Dungeon)

   [amulet of the acrobat]

   Acrobat:   It increases your evasion while moving and waiting.
   rF+:       It protects you from fire.
   Fly:       It grants you flight.
   Stlth+:    It makes you more stealthy.
Wands
 f - a wand of flame (28)
 G - a wand of iceblast (7)
 W - a wand of mindburst (10)
 X - a wand of charming (15)
 Z - a wand of light (16)
Scrolls
 e - 3 scrolls of vulnerability
 k - 2 scrolls of fog
 m - 7 scrolls of immolation
 p - 2 scrolls of enchant armour
 q - 2 scrolls of identify
 B - a scroll of fear
 D - 2 scrolls of poison
 F - 3 scrolls of torment
 I - 2 scrolls of enchant weapon
 K - 6 scrolls of teleportation
 L - 4 scrolls of blinking
 Y - a scroll of silence
Potions
 a - a potion of attraction
 b - 5 potions of haste
 c - 2 potions of ambrosia
 g - 7 potions of heal wounds
 h - 3 potions of magic
 j - 12 potions of curing
 n - 2 potions of lignification {unknown}
 o - 2 potions of mutation
 t - 3 potions of brilliance
 x - 4 potions of enlightenment
 y - a potion of berserk rage
 O - 2 potions of cancellation {unknown}
 P - 6 potions of might
Miscellaneous
 v - a phial of floods
 R - a tin of tremorstones (2/2)


   Skills:
 + Level 14.2 Fighting
 + Level 14.1 Long Blades
 + Level 13.6 Armour
 + Level 13.1 Dodging
 + Level 9.5 Shields
 + Level 0.1 Evocations


You had 14 spell levels left.
You didn't know any spells.
Your spell library contained the following spells:

 Spells                   Type           Power      Damage    Failure   Level
 Magic Dart               Conj           0%         1d3       98%         1
 Passwall                 Tmut/Erth      0%         N/A       99%         2
 Searing Ray              Conj           0%         2d4       99%         2
 Call Canine Familiar     Summ           0%         N/A       100%        3
 Swiftness                Air            0%         N/A       100%        3
 Lee's Rapid Deconstruct  Erth           0%         3d4*      100%        5
 Leda's Unmaking          Conj/Erth      0%         9d1       100%        6
 Ensorcelled Hibernation  Hex/Ice        Unusable   N/A       N/A         2
 Dazzling Flash           Conj/Hex       Unusable   N/A       N/A         3
 Sigil of Binding         Hex            Unusable   N/A       N/A         3
 Dimensional Bullseye     Hex/Tloc       Unusable   N/A       N/A         4
 Fulminant Prism          Conj/Hex       Unusable   3d5       N/A         4
 Leda's Liquefaction      Hex/Erth       Unusable   N/A       N/A         4
 Agony                    Necr           Unusable   N/A       N/A         5
 Silence                  Hex/Air        Unusable   N/A       N/A         5

Dungeon Overview and Level Annotations

Branches:
Dungeon (15/15)            Temple (1/1) D:5            Lair (5/5) D:8
  Swamp (1/4) Lair:3       Spider (0/4) Lair:2        Slime (0/5) Lair:5
    Orc (2/2) D:9             Elf (0/3) Orc:2        Vaults (0/5) D:13
 Depths (0/4) D:15         Bailey (visited)         Gauntlet (visited)

Altars:
Ashenzari
Cheibriados
Dithmenos
Elyvilon
Fedhas
Gozag
Hepliaklqana
Kikubaaqudgha
Makhleb
Nemelex Xobeh
Okawaru
Qazlal
Ru
Sif Muna
Trog
Uskayaw
Vehumet
Wu Jian
Xom
Yredelemnul
Zin
The Shining One
Jiyva

Shops:
D:1 :   D:6 *(!=!([   Orc:1 ?   Orc:2 *=[(


Innate Abilities, Weirdness & Mutations

You have a pair of horns on your head.
You cannot study or cast Fire magic.
You cannot study or cast Hexes magic.
You cannot study or cast Necromancy magic.
You are slightly weak-willed. (Will-)
Your casting is disrupted.
You are unskilled. (-2 Apt)
You reflexively headbutt those who attack you in melee.
You cannot voluntarily change form.
You are partially covered in iridescent scales. (AC +2)
Your flesh is heat resistant. (rF+)
Your muscles are strong. (Str +4, Int/Dex -1)


Message History

The bog body casts a spell at you. The bolt of cold hits you!! You resist.
The spriggan rider hits you but does no damage.
The hornet barely misses you. You furiously retaliate!
You headbutt the hornet!
You kill the hornet!
The spriggan rider is stunned by your conviction and fails to attack.
You slice the spriggan rider!!
The spriggan rider is heavily wounded.
The bog body touches you but does no damage.
The spriggan rider barely misses you.
The spriggan rider hits you but does no damage.
You slash the spriggan rider!
The spriggan rider is severely wounded.
The bog body begins to cast a spell, but is stunned by your conviction!
The spriggan rider hits you from afar with a +0 spear.
The spriggan rider hits you but does no damage.
You closely miss the spriggan rider.
Your headbutt misses the spriggan rider.
The spriggan rider is severely wounded.
The bog body touches you!
* * * LOW HITPOINT WARNING * * *
The bog body freezes you. You resist.
* * * LOW HITPOINT WARNING * * *
The spriggan rider hits you but does no damage.
The spriggan rider completely misses you.
You slice the spriggan rider!!
You kill the spriggan rider!
You kill the hornet!
The bog body begins to cast a spell, but is stunned by your conviction!
The spriggan rider hits you but does no damage.
You slice the bog body!!
The bog body's magic leaks into the air.
You headbutt the bog body!
The bog body is almost destroyed.
You redirect the bog body's attack!
The bog body touches you!
* * * LOW HITPOINT WARNING * * *
The bog body freezes you! You resist.
* * * LOW HITPOINT WARNING * * *
The spriggan rider hits you from afar with a +0 spear!
You die...

♣bbb~b...≈≈≈≈≈≈≈≈≈≈~..♣
~bbb....~≈≈≈...≈≈≈≈≈~..
bb.~bb.♣≈≈≈.~...≈~≈≈≈♣
~..b..♣♣≈≈≈.......≈≈≈♣
.....♣♣♣≈≈≈§..⌠...≈≈≈♣♣
.~.~~♣ ♣♣≈≈..$....≈≈≈≈♣
♣≈♣≈≈...i..≈♣♣♣♣♣♣♣♣
♣♣≈≈♣...).≈≈≈♣♣~.~..
♣♣♣≈...n@♣♣♣♣...~..
...~..~.)..~~.....~
~♣.♣...~..~.~.~~..~
.~.♣..~...~~.....~~♣
...~.~...~........♣
..~.♣...~~.~.~.~..~
♣.♣♣♣♣♣..~.♣♣~♣~..♣
♣♣♣♣♣♣ ♣♣♣♣♣♣


You could see a spriggan rider and a bog body (magic disrupted).

Vanquished Creatures
  Kirke (Lair:3)
  An orc warlord (Orc:2)
  An eleionoma (Swamp:1)
  A minotaur (Gauntlet)
  Azrael (D:14)
  Josephine (Swamp:1)
  Harold (D:9)
  A spriggan skeleton (D:15)
  4 hydras
  2 catoblepae (Lair:5)
  Erica (Lair:1)
  10 centaur warriors
  An ogre mage (D:13)
  2 alligators (Swamp:1)
  A death knight (D:14)
  2 boulder beetles
  3 two-headed ogres
  A deep troll shaman (Lair:5)
  A thrashing horror (Gauntlet)
  6 death yaks (Lair:5)
  4 tengu warriors
  2 orc high priests
  Urug (Orc:2)
  Nergalle (D:11)
  A skyshark (Lair:2)
  4 skeletal warriors
  A golden dragon zombie (D:15)
  A swamp dragon (Lair:3)
  A shadow dragon zombie (D:15)
  A deep elf archer (D:13)
  A phantasmal warrior (D:15)
  2 wizards
  Pikel (D:5)
  A lindwurm (Lair:5)
  2 deep elf pyromancers
  2 deep elf zephyrmancers (D:13)
  A necromancer (D:15)
  6 orc knights
  2 orc sorcerers (Orc:2)
  10 ugly things
  A frost giant zombie (D:15)
  2 manticores (D:14)
  A moth of wrath (Gauntlet)
  6 cyclopes
  A will-o-the-wisp (Swamp:1)
  A wolf spider (D:14)
  9 elephants
  Maurice (D:13)
  A guardian serpent (D:15)
  A gargoyle (D:12)
  3 black mambas
  Joseph (Lair:1)
  3 centaur skeletons (D:13)
  4 komodo dragons
  Jeremiah (D:7)
  10 cane toads
  A freezing wraith (D:10)
  An unseen horror (shapeshifter) (D:13)
  An unseen horror (D:13)
  An efreet (D:10)
  A kobold demonologist (Bailey)
  3 tengu conjurers (D:14)
  3 meliai
  8 trolls
  2 hornets (Swamp:1)
  Grinder (D:5)
  3 tyrant leeches (Swamp:1)
  A wind drake (shapeshifter) (D:14)
  3 polar bears
  21 blink frogs
  11 dream sheep
  A blink frog (shapeshifter) (D:13)
  13 slime creatures
  3 jumping spiders (Lair:2)
  7 wraiths
  Sigmund (D:4)
  4 culicivoras (Lair:2)
  A shadow (D:11)
  2 spriggans (Swamp:1)
  2 vampires
  3 wyverns
  30 yaks
  4 hogs (Lair:3)
  4 basilisks
  2 fire elementals (D:14)
  2 redbacks (Lair:2)
  A neqoxec (Gauntlet)
  4 steam dragons
  A chaos spawn (Gauntlet)
  7 vampire mosquitoes
  11 water moccasins
  2 wargs
  2 acid dragons
  3 hell hounds (D:14)
  39 orc warriors
  3 black bears
  2 sky beasts (D:7)
  3 ice beasts
  A sky beast (shapeshifter) (D:10)
  4 ogres
  10 wolves
  19 centaurs
  4 kobold brigands
  13 bullfrogs
  Blork the orc (Orc:2)
  2 gnoll sergeants
  4 scorpions
  12 wights
  18 killer bees
  3 howler monkeys (D:13)
  14 electric eels
  3 gnoll boudas
  3 jellies
  4 small abominations (Gauntlet)
  Crazy Yiuf (D:5)
  3 hounds
  14 orc priests
  A sleepcap (D:8)
  6 iguanas
  19 orc wizards
  A boggart skeleton (D:13)
  29 gnolls
  7 adders
  An ufetubus (D:5)
  3 worms
  6 dart slugs
  67 orcs
  5 ball pythons
  4 bats
  5 endoplasms
  3 giant cockroaches
  11 goblins
  12 hobgoblins
  5 jackals
  17 kobolds
  4 quokkas
  8 frilled lizards
  4 rats
  A spectral weapon (Lair:1)
703 creatures vanquished.

Vanquished Creatures (others)
  2 bloated husks (Swamp:1)
  A blink frog (Lair:1)
  A warg (Orc:1)
  An acid dragon (D:11)
  3 orc warriors
  An ogre (D:13)
  2 centaurs (D:13)
  2 bullfrogs (Lair:3)
  2 orcs (Orc:2)
  2 foxfires (Swamp:1)
17 creatures vanquished.

Grand Total: 720 creatures vanquished

Notes
Turn   | Place    | Note
-------+----------+-------------------------------------------
     0 | D:1      | Anon1729 the Minotaur Monk began the quest for the Orb.
     0 | D:1      | Reached XP level 1. HP: 19/19 MP: 0/0
   338 | D:1      | Found Wezink's Book Shop.
   378 | D:1      | Found a faded altar of an unknown god.
   384 | D:1      | Reached XP level 2. HP: 23/27 MP: 1/1
  1095 | D:1      | Reached XP level 3. HP: 27/33 MP: 2/2
  2424 | D:2      | Reached XP level 4. HP: 41/41 MP: 3/3
  2497 | D:2      | Identified the +10 chain mail of Dawn {Dex+3}
  3009 | D:3      | Reached skill level 1 in Armour
  3216 | D:4      | Reached skill level 5 in Fighting
  3216 | D:4      | Reached XP level 5. HP: 48/48 MP: 4/4
  3325 | D:4      | Reached skill level 5 in Long Blades
  3601 | D:4      | Noticed Sigmund
  3605 | D:4      | Killed Sigmund
  3606 | D:4      | Reached skill level 5 in Dodging
  3606 | D:4      | Reached XP level 6. HP: 56/56 MP: 5/5
  3665 | D:4      | Found a radiant altar of Vehumet.
  3735 | D:5      | Entered Level 5 of the Dungeon
  3801 | D:5      | Found a burning altar of Makhleb.
  3843 | D:5      | Noticed a wyvern
  3855 | D:5      | Killed a wyvern
  3856 | D:5      | Reached XP level 7. HP: 47/63 MP: 6/6
  3963 | D:5      | Found a staircase to the Ecumenical Temple.
  4024 | D:5      | Found a runed translucent door.
  4025 | D:5      | Noticed Crazy Yiuf
  4097 | D:5      | Found an ancient bone altar of Kikubaaqudgha.
  4182 | D:5      | Found a snail-covered altar of Cheibriados.
  4183 | D:5      | Noticed Grinder
  4188 | D:5      | Paralysed by Grinder for 3 turns
  4194 | D:5      | Paralysed by Grinder for 3 turns
  4203 | D:5      | Killed Grinder
  4297 | D:5      | Found a hazy altar of Hepliaklqana.
  4297 | D:5      | Noticed Pikel
  4315 | D:5      | Killed Pikel
  4316 | D:5      | Reached skill level 5 in Armour
  4316 | D:5      | Reached XP level 8. HP: 16/73 MP: 7/7
  4569 | D:5      | Killed Crazy Yiuf
  4617 | Temple   | Entered the Ecumenical Temple
  4630 | Temple   | Became a worshipper of Ru the Awakened
  4650 | D:5      | Gained mutation: You cannot study or cast Fire magic. [Ru
                  | sacrifice]
  4650 | D:5      | Gained mutation: You cannot study or cast Hexes magic. [Ru
                  | sacrifice]
  4650 | D:5      | Gained mutation: You cannot study or cast Necromancy magic.
                  | [Ru sacrifice]
  4650 | D:5      | Reached * piety under Ru
  4703 | D:6      | Found Bopi Meu's Antique Armour Boutique.
  4715 | D:6      | Bought a pair of twisted gloves for 256 gold pieces
  4715 | D:6      | Identified the +0 pair of gloves of the Shining Light
                  | {Rampage Will+} (You bought it in a shop on level 6 of the
                  | Dungeon)
  5025 | D:6      | Found Poaco Hoi's Antique Weapon Shoppe.
  5101 | D:6      | Found Pasas's Distillery.
  5103 | D:6      | Found Cugeedop's Jewellery Shop.
  5108 | D:6      | Found Ifeh Nuav's Assorted Antiques.
  5111 | D:6      | Bought a potion of curing for 42 gold pieces
  5112 | D:6      | Found Etwoag's Antique Weapon Shop.
  5112 | D:6      | Found Vicicrit's Distillery.
  5120 | D:6      | Bought a scroll labelled POFASAIDOO for 24 gold pieces
  5125 | D:6      | Found Opre's Assorted Antiques.
  5196 | D:6      | Bought a potion of heal wounds for 55 gold pieces
  5847 | D:7      | Reached XP level 9. HP: 73/81 MP: 8/8
  6275 | D:7      | Found an iron altar of Okawaru.
  6362 | D:7      | Found a stormy altar of Qazlal.
  6487 | D:7      | Gained mutation: Your casting is slightly disrupted. [Ru
                  | sacrifice]
  6494 | D:7      | Noticed Jeremiah
  6546 | D:7      | Killed Jeremiah
  6915 | D:8      | Noticed an elephant
  7053 | D:7      | Killed an elephant
  7054 | D:7      | Reached XP level 10. HP: 69/91 MP: 9/9
  7346 | D:8      | Reached skill level 10 in Fighting
  7498 | D:8      | Found a staircase to the Lair.
  7589 | D:8      | Found a bloodstained altar of Trog.
  7598 | D:8      | Reached skill level 10 in Long Blades
  7699 | D:8      | Identified the +5 battleaxe "Pendulum" {flame, rElec rCorr}
  8645 | D:9      | Noticed Harold
  8660 | D:9      | Killed Harold
  8673 | D:9      | Reached skill level 10 in Dodging
  8916 | D:9      | Reached XP level 11. HP: 101/101 MP: 10/10
  9030 | D:9      | Found a staircase to the Orcish Mines.
  9137 | D:9      | Found a flagged portal.
  9145 | D:9      | Reached skill level 10 in Armour
  9157 | D:9      | Gained mutation: Your casting is disrupted. [Ru sacrifice]
  9157 | D:9      | Reached ** piety under Ru
  9198 | D:9      | Identified the +10 hand axe of Tenacity {protect, rPois rF-
                  | Str+4 Int+3}
  9276 | Bailey   | Entered a bailey
  9392 | Bailey   | Noticed an orc knight
  9401 | Bailey   | Killed an orc knight
  9622 | Bailey   | Found an iron altar of Okawaru.
  9623 | Bailey   | Noticed an orc high priest
  9829 | Bailey   | Killed an orc high priest
 10824 | D:10     | Entered Level 10 of the Dungeon
 10936 | D:10     | Noticed a skeletal warrior
 10949 | D:10     | Killed a skeletal warrior
 11083 | D:10     | Identified the amulet of Interdependent Arising {Acrobat
                  | Fly rF+ Stlth+}
 11347 | D:10     | Noticed a two-headed ogre
 11355 | D:10     | Killed a two-headed ogre
 11933 | D:11     | Noticed Nergalle
 11944 | D:11     | Killed Nergalle
 12097 | D:11     | Reached XP level 12. HP: 94/113 MP: 11/11
 12603 | D:11     | Noticed a centaur warrior
 12607 | D:11     | Killed a centaur warrior
 12707 | D:12     | Reached skill level 1 in Shields
 13169 | D:12     | Identified the +6 chain mail "Otigh" {rF+ Dex+5 Slay-4}
 13323 | D:13     | Noticed a centaur warrior
 13332 | D:13     | Killed a centaur warrior
 13602 | D:13     | Noticed Maurice
 13605 | D:13     | Noticed a two-headed ogre
 13607 | D:13     | Noticed an ogre mage
 13608 | D:13     | Noticed a centaur warrior
 13612 | D:13     | Noticed a two-headed ogre
 13614 | D:13     | Noticed a centaur warrior
 13630 | D:13     | Killed a centaur warrior
 13638 | D:13     | Killed a centaur warrior
 13649 | D:13     | Killed Maurice
 13654 | D:13     | Killed a two-headed ogre
 13658 | D:13     | Killed a two-headed ogre
 13666 | D:13     | Killed an ogre mage
 13676 | D:13     | Reached XP level 13. HP: 44/122 MP: 12/12
 13903 | D:13     | Reached skill level 5 in Shields
 13986 | D:13     | Found a gate to the Vaults.
 14077 | D:13     | Identified the +1 leather armour of the Onion {+Inv}
 15707 | D:14     | Noticed Azrael
 15715 | D:14     | Killed Azrael
 15845 | D:14     | Gained mutation: You are somewhat unskilled. (-1 Apt) [Ru
                  | sacrifice]
 15845 | D:14     | Reached *** piety under Ru
 16190 | D:15     | Entered Level 15 of the Dungeon
 16207 | D:15     | Reached XP level 14. HP: 118/129 MP: 13/13
 16259 | D:15     | Found a staircase to the Depths.
 16446 | D:15     | Found a gate leading to a gauntlet.
 16451 | Gauntlet | Entered a Gauntlet
 16451 | Gauntlet | Found a transporter.
 16461 | Gauntlet | Found a transporter.
 16476 | Gauntlet | Found a transporter.
 16481 | Gauntlet | Found a transporter.
 16498 | Gauntlet | Found a transporter.
 16517 | Gauntlet | Found a transporter.
 16529 | Gauntlet | Found a transporter.
 16535 | Gauntlet | Found a transporter.
 16550 | Gauntlet | Found a transporter.
 16556 | Gauntlet | Found a transporter.
 16571 | Gauntlet | Found a transporter.
 16583 | Gauntlet | Found a transporter.
 16600 | Gauntlet | Found a transporter.
 16618 | Gauntlet | Found a transporter.
 16620 | Gauntlet | Found a transporter.
 16622 | Gauntlet | Found a runed translucent gate.
 16622 | Gauntlet | Found a runed translucent gate.
 16622 | Gauntlet | Found a runed translucent gate.
 16625 | Gauntlet | Found a large runed translucent door.
 16625 | Gauntlet | Found a large runed translucent door.
 16625 | Gauntlet | Found a large runed translucent door.
 16625 | Gauntlet | Found a large runed translucent door.
 16628 | Gauntlet | Found a large runed translucent door.
 16628 | Gauntlet | Found a large runed translucent door.
 16629 | Gauntlet | Found a large runed translucent door.
 16629 | Gauntlet | Found a large runed translucent door.
 16632 | Gauntlet | Found a large runed translucent door.
 16632 | Gauntlet | Found a large runed translucent door.
 16632 | Gauntlet | Found a runed translucent door.
 16632 | Gauntlet | Found a runed translucent door.
 16633 | Gauntlet | Found a large runed translucent door.
 16634 | Gauntlet | Found a large runed translucent door.
 16643 | Gauntlet | Found a large runed translucent door.
 16643 | Gauntlet | Found a large runed translucent door.
 16644 | Gauntlet | Found a large runed translucent door.
 16645 | Gauntlet | Found a large runed translucent door.
 16645 | Gauntlet | Found a transporter.
 16647 | Gauntlet | Found a transporter.
 16667 | Gauntlet | Found a transporter.
 17006 | Gauntlet | Identified the +0 hat of the Ego {rC+ SInv}
 17793 | D:6      | Bought a jewelled great sword for 264 gold pieces
 17793 | D:6      | Identified the +7 great sword of the Middle {antimagic, rN+
                  | SInv} (You bought it in a shop on level 6 of the Dungeon)
 17812 | D:6      | Gained mutation: Your flesh is heat resistant. (rF+)
                  | [potion of mutation]
 17812 | D:6      | Gained mutation: Your muscles are strong. (Str +4, Int/Dex
                  | -1) [potion of mutation]
 17812 | D:6      | Gained mutation: You are partially covered in iridescent
                  | scales. (AC +2) [potion of mutation]
 17900 | Orc:1    | Entered Level 1 of the Orcish Mines
 17959 | Orc:1    | Found Qeiz's Magic Scroll Shoppe.
 17965 | Orc:1    | Bought a scroll of identify for 30 gold pieces
 17965 | Orc:1    | Bought a scroll of immolation for 60 gold pieces
 17965 | Orc:1    | Bought a scroll of teleportation for 45 gold pieces
 17965 | Orc:1    | Bought a scroll of identify for 30 gold pieces
 17965 | Orc:1    | Bought a scroll of teleportation for 45 gold pieces
 18006 | Orc:1    | You are sucked into a shaft and drop 1 floor!
 18006 | Orc:2    | Entered Level 2 of the Orcish Mines
 18006 | Orc:2    | Noticed Blork the orc
 18006 | Orc:2    | Noticed Urug
 18019 | Orc:2    | Killed Urug
 18031 | Orc:2    | Killed Blork the orc
 18421 | Orc:2    | Noticed an orc warlord
 18489 | Orc:2    | Gained mutation: You cannot voluntarily change form. [Ru
                  | sacrifice]
 18509 | Orc:2    | Killed an orc warlord
 18522 | Orc:2    | Found a staircase to the Elven Halls.
 18774 | Orc:2    | Found Caferr's Antique Weapon Shop.
 18779 | Orc:2    | Found Venux's Antique Armour Shop.
 18882 | Orc:2    | Found Qonaeg's Jewellery Shop.
 18897 | Orc:2    | Found Jafooc's General Store.
 18904 | Orc:2    | Bought a scroll of blinking for 90 gold pieces
 18904 | Orc:2    | Bought a scroll of vulnerability for 48 gold pieces
 18904 | Orc:2    | Bought a potion of mutation for 96 gold pieces
 19835 | Lair:1   | Entered Level 1 of the Lair of Beasts
 20177 | Lair:1   | Noticed Erica
 20184 | Lair:1   | Noticed Joseph
 20188 | Lair:1   | Killed Erica
 20197 | Lair:1   | Killed Joseph
 20449 | Lair:1   | Gained mutation: You are unskilled. (-2 Apt) [Ru sacrifice]
 20449 | Lair:1   | Reached **** piety under Ru
 20449 | Lair:1   | Reached ***** piety under Ru
 20991 | Lair:2   | Found a hole to the Spider Nest.
 21348 | Lair:2   | Reached XP level 15. HP: 136/136 MP: 14/14
 21593 | Lair:3   | Noticed Kirke
 21605 | Lair:3   | Killed Kirke
 21659 | Lair:3   | Found a staircase to the Swamp.
 22756 | Lair:4   | Gained mutation: You are slightly weak-willed. (Will-) [Ru
                  | sacrifice]
 22756 | Lair:4   | Reached ****** piety under Ru
 23044 | Lair:4   | You are sucked into a shaft and drop 1 floor!
 23044 | Lair:5   | Entered Level 5 of the Lair of Beasts
 24182 | Lair:5   | Found a staircase to the Slime Pits.
 24182 | Lair:5   | Found a viscous altar of Jiyva.
 24287 | Lair:5   | Acquired the +8 triple sword of the Dwarven Hall {holy,
                  | Int+3}
 24883 | Swamp:1  | Entered Level 1 of the Swamp
 25283 | Orc:2    | Bought a ring of poison resistance for 320 gold pieces
 25515 | Swamp:1  | Noticed Josephine
 25525 | Swamp:1  | Killed Josephine
 25861 | Swamp:1  | HP: 4/128 [bog body (11)]
 25861 | Swamp:1  | Mangled by a spriggan rider

Illustrated notes

Levels and vault maps discovered:
D:1:      dpeg_arrival_leaves_temple_mockup, layout_basic, serial_shops,
          shop_statue, hellmonk_ecumenical_altar_lost_god, serial_bayou,
          serial_bayou_lake_a, serial_bayou_pond_e, serial_bayou_shore_b,
          serial_bayou_pond_d
D:2:      minmay_razor_zed, layout_loops_corners
D:3:      layout_rooms, minivault_23
D:4:      layout_cave_pools, nicolae_overflow_hidden_temple, corner_web_ring,
          uniq_sigmund
D:5:      layout_rooms, nicolae_hepliaklqana_hazy_memory, old_standard_altar,
          slow_altar_1, nicolae_kikubaaqudgha_miasma_corner,
          minmay_temple_entry_arrows, uniq_pikel, uniq_grinder,
          uniq_crazy_yiuf_cottage
D:6:      layout_basic, serial_shops, shop, shop,
          nicolae_shop_overgrown_old_shop, shop, nicolae_lava_and_water,
          minmay_shop_grid_forest
D:7:      layout_basic, mainiacjoe_overflow_24_doors,
          hellmonk_okawaru_the_only_friend_you_need, uniq_jeremiah
D:8:      layout_layer_cave, mainiacjoe_overflow_alcove_1, david_lair_generic,
          minmay_chambers_of_fives
D:9:      layout_basic, minmay_orc_entry_temple_small, enter_bailey_2,
          minivault_1, uniq_harold
D:10:     layout_basic, minmay_misc_feat_ornament, minmay_the_grid_2x2
          [minmay_the_grid_fan, minmay_the_grid_medium_cups,
          minmay_the_grid_aliased_spiral,
          minmay_the_grid_prize_four_corners_diamond_a]
D:11:     layout_roguey, kennysheep_another_room, minmay_misc_feat_room,
          uniq_nergalle
D:12:     layout_cross
D:13:     layout_loops_ring, hangedman_vaults_entry_quadrant_bands,
          serial_rivers, chequers_serial_rivers_large_a,
          chequers_serial_rivers_micro_e, chequers_serial_rivers_large_b,
          chequers_serial_rivers_micro_e, grunt_ministairs_5, minivault_4,
          minmay_crystal_room, st_stairs_8, minivault_1, uniq_maurice
D:14:     layout_loops_ring, amcnicky_mini_rare_corridor_liquid,
          minmay_diced_spiral, uniq_azrael
D:15:     gammafunk_depths_entry_grave, layout_rooms, gauntlet_entry_generic,
          nrook_guardian_serpent_ordinary
Temple:   nicolae_temple_bog_church
Lair:1:   layout_gridlike, minivault_26, uniq_erica, uniq_joseph
Lair:2:   layout_cave_pods, nicolae_spider_entry_tight_spaces
Lair:3:   layout_roguey, minmay_swamp_entry_reptiles, lemuel_fruit_fields,
          uniq_kirke
Lair:4:   layout_cave_pods, grunt_megastairs_2
Lair:5:   grunt_lair_end_beastmaster, layout_hall_layers, slime_entry_1
Swamp:1:  layout_basic_swamp, nicolae_swamp_feature_on_the_river_bank,
          uniq_josephine
Orc:1:    layout_caves, serial_shops, nicolae_shop_peninsula
Orc:2:    grunt_orc_cross, layout_diamond_mine, basic_altar, enter_volcano_4,
          uniq_urug

Skill      XL: |  1  2  3  4  5  6  7  8  9 10 11 12 13 14 15 |
---------------+----------------------------------------------+-----
Fighting       | 4 5 6 7 8 9 10 12 13 13 13 14 | 14.2
Long Blades    | 4 5 6 7 8 9 10 12 13 13 13 14 | 14.1
Dodging        | 4 5 6 7 8 10 11 12 12 12 13 | 13.1
Armour         | 1 2 3 5 6 8 9 11 12 12 12 13 | 13.6
Shields        | 4 7 8 9 |  9.5
Evocations     | |  0.1

Action                     |  1- 3 |  4- 6 |  7- 9 | 10-12 | 13-15 || total
---------------------------+-------+-------+-------+-------+-------++-------
  Melee: Falchion          |    68 |   108 |   111 |       |       ||   287
         Headbutt          |    11 |    25 |    85 |   164 |   229 ||   514
         Long sword        |       |       |   136 |    49 |       ||   185
         Scimitar          |       |       |       |   523 |   865 ||  1388
         Punch             |       |       |       |       |     6 ||     6
         Great sword       |       |       |       |       |    95 ||    95
 Invoke: Sacrifice Arcana  |       |       |     1 |       |       ||     1
         Sacrifice Essence |       |       |     1 |     1 |     1 ||     3
         Reject Sacrifices |       |       |       |     1 |       ||     1
         Sacrifice Skill   |       |       |       |       |     2 ||     2
         Sacrifice Forms   |       |       |       |       |     1 ||     1
         Draw Out Power    |       |       |       |       |     2 ||     2
  Evoke: Wand              |       |       |     1 |     8 |       ||     9
    Use: Scroll            |       |     7 |       |     4 |    18 ||    29
         Potion            |       |       |     2 |       |     3 ||     5
   Stab: Distracted        |       |       |     1 |     2 |     4 ||     7
         Invisible         |       |       |       |     5 |     4 ||     9
         Petrified         |       |       |       |       |    10 ||    10
         Paralysed         |       |       |       |       |     2 ||     2
 Armour: Robe              |    36 |       |       |       |       ||    36
         Chain mail        |       |    89 |   289 |   491 |   734 ||  1603
  Dodge: Dodged            |    44 |    50 |   176 |   470 |  1252 ||  1992
         Repelled          |       |     1 |       |     3 |     4 ||     8

Table legend: (Time is in decaauts)
 A = Elapsed time spent in this place.
 B = Non-inter-level travel time spent in this place.
 C = Inter-level travel time spent in this place.
 D = Time resting spent in this place.
 E = Time spent auto-exploring this place.
 F = Levels seen in this place.
 G = Mean time per level.
                   A        B        C        D        E       F      G
               +--------+--------+--------+--------+--------+-----+--------+
         Total |  26020 |  24048 |   1972 |   1494 |  18346 |  26 | 1000.8 |
       Dungeon |  16544 |  15175 |   1369 |   1013 |  11842 |  15 | 1102.9 |
        Temple |     26 |      2 |     24 |      0 |      0 |   1 |   26.0 |
          Lair |   5307 |   4902 |    405 |    233 |   3886 |   5 | 1061.4 |
         Swamp |    461 |    458 |      3 |     61 |    261 |   1 |  461.0 |
  Orcish Mines |   1952 |   1783 |    169 |    135 |   1184 |   2 |  976.0 |
        Bailey |    923 |    923 |      0 |     52 |    647 |   1 |  923.0 |
      Gauntlet |    805 |    805 |      0 |      0 |    525 |   1 |  805.0 |
               +--------+--------+--------+--------+--------+-----+--------+

Top non-repeatable levels by time:
    D:13: 1831 daAuts
     D:1: 1668 daAuts
     D:6: 1506 daAuts
     D:8: 1441 daAuts
   Orc:2: 1403 daAuts
     D:9: 1323 daAuts
     D:7: 1317 daAuts
  Lair:5: 1289 daAuts
     D:2: 1277 daAuts
    D:10: 1156 daAuts
  Lair:3: 1131 daAuts
    D:14: 1092 daAuts
  Lair:4: 1054 daAuts
     D:5: 950 daAuts
  Bailey: 923 daAuts
